 Dungeon Crawl Stone Soup version 0.26-a0-1191-ge2a0e31ab3 (webtiles) character file.

Game seed: 10721086776431797502

6364 Mesmaeker13 the Reanimator (level 10, -5/63 HPs)
             Began as a Mummy Necromancer on Dec 28, 2020.
             Was a Priest of Nemelex Xobeh.
             Shot with an arrow by a centaur (10 damage)
             ... summoned by the player character
             ... on level 1 of the Lair of Beasts.
             The game lasted 00:20:45 (13863 turns).

Mesmaeker13 the Reanimator (Mummy Necromancer)     Turns: 13863, Time: 00:20:45

Health: -5/63      AC:  8    Str: 11    XL:     10   Next: 65%
Magic:  23/23      EV: 17    Int: 18    God:    Nemelex Xobeh [***...]
Gold:   641        SH:  0    Dex: 19    Spells: 15/28 levels left

rFire    . . .     SeeInvis .   l - +2 trident (venom)
rCold    + + .     Faith    .   (no shield)
rNeg     + + +     Spirit   .   i - +2 robe {rC+}
rPois    ∞         Reflect  .   o - +0 helmet
rElec    .         Harm     .   f - +1 cloak
rCorr    .         Rampage  .   s - +0 pair of gloves
Will     +....                  (no boots)
Stlth    ++........             (no amulet)
HPRegen  0.20/turn              g - ring of protection from fire
MPRegen  0.18/turn              k - +6 ring of dexterity

@: no status effects
A: no potions, fire vulnerability, cold resistance 1, negative energy resistance
3, torment resistance, unbreathing
a: Renounce Religion, Draw Escape, Draw Destruction, Draw Summoning, Triple Draw


You were on level 1 of the Lair of Beasts.
You worshipped Nemelex Xobeh.
Nemelex Xobeh was most pleased with you.
You visited 3 branches of the dungeon, and saw 12 of its levels.

You collected 641 gold pieces.

Inventory:

Hand Weapons
 e - a +2 short sword of draining
 l - a +2 trident of venom (weapon)
Missiles
 n - 40 poisoned darts
 w - 5 javelins
Armour
 f - a +1 cloak (worn)
 i - a +2 robe of cold resistance (worn)
 o - a +0 helmet (worn)
 s - a +0 pair of gloves (worn)
 y - a +0 kite shield
Magical Staves
 t - an uncursed staff of conjuration
Jewellery
 g - a ring of protection from fire (left hand)
 k - a +6 ring of dexterity (right hand)
Wands
 q - a wand of flame (4)
 r - a wand of disintegration (11)
 x - a wand of enslavement (3)
Scrolls
 a - 3 scrolls of enchant weapon
 b - 7 scrolls of remove curse
 c - a scroll of immolation
 d - 3 scrolls of enchant armour
 h - 10 scrolls of teleportation
 j - 4 scrolls of magic mapping
 m - 2 scrolls of amnesia
 p - 2 scrolls of identify
 u - 2 scrolls of fog
 v - a scroll of noise


   Skills:
 - Level 6.6 Dodging
 - Level 1.5 Stealth
 + Level 0.1 Shields
 + Level 9.6 Spellcasting
 * Level 11.1 Necromancy
 + Level 5.1 Invocations


You had 15 spell levels left.
You knew the following spells:

 Your Spells              Type           Power        Failure   Level
a - Pain                  Necr           100%         1%          1
b - Vampiric Draining     Necr           24%          1%          3
c - Animate Dead          Necr           24%          1%          4
d - Agony                 Necr           48%          2%          5

Your spell library contained the following spells:

 Spells                   Type           Power        Failure   Level
 Animate Skeleton         Necr           96%          1%          1
 Shock                    Conj/Air       32%          9%          1
 Swiftness                Air            8%           12%         2
 Static Discharge         Conj/Air       8%           24%         3
 Airstrike                Air            4%           63%         4
 Lightning Bolt           Conj/Air       4%           92%         5


Dungeon Overview and Level Annotations

Branches:
Dungeon (10/15)            Temple (1/1) D:4            Lair (1/6) D:8
    Orc (0/2) D:9

Altars:
Ashenzari
Cheibriados
Dithmenos
Elyvilon
Fedhas
Gozag
Hepliaklqana
Kikubaaqudgha
Makhleb
Nemelex Xobeh
Okawaru
Qazlal
Ru
Sif Muna
Trog
Uskayaw
Vehumet
Wu Jian
Xom
Yredelemnul
Zin
The Shining One

Shops:
D:4 :   D:7 =   D:10 ?

Annotations:
D:2 1 runed translucent door, Crazy Yiuf
D:10 1 exclusion


Innate Abilities, Weirdness & Mutations

You do not drink.
Your flesh is vulnerable to fire.
You are immune to poison.
Your flesh is cold resistant. (rC+)
You are immune to negative energy. (rN+++)
You are immune to unholy pain and torment.
You can survive without breathing.


Message History

The eight-headed hydra bites you.
The eight-headed hydra closely misses you.
The eight-headed hydra bites you! The eight-headed hydra bites you.
The eight-headed hydra barely misses you.
The eight-headed hydra bites you. x2; The eight-headed hydra bites you!
* * * LOW HITPOINT WARNING * * *
Your centaur wields a +0 shortbow.
Your centaur shoots an arrow.
The arrow hits the eight-headed hydra!
The arrow disappears in a puff of smoke!
Your centaur hits the eight-headed hydra!
Your centaur wields a +0 shortbow.
Your centaur shoots an arrow.
The arrow hits the eight-headed hydra!
The arrow disappears in a puff of smoke!
Your centaur shoots an arrow.
The arrow hits the eight-headed hydra.
The arrow disappears in a puff of smoke!
Your centaur shoots an arrow.
The arrow barely misses the eight-headed hydra.
The arrow hits you!
You die...
Your body glows with a rainbow of weird colours and disappears.

............ ..#
.....)...... .⌠..#.
............ ......## ##'#
.......# ######..# #.....#
#......##
#..⌠..#######'####.## ⌠
##.....##.##.....§§§### ..
#......@.D.'c.........#
...##.....#c.##........#...
...##.†.##.##P.........###
#.##......#####........##
..........# #........#
######.+## #.##+######
####...# ## #....#.#
####'##..####


You could see an eight-headed hydra and 2 friendly centaurs.

Vanquished Creatures
  A two-headed ogre (D:10)
  A troll (D:10)
  A hornet zombie (D:7)
  An ice beast (D:7)
  5 orc warriors
  A black bear (D:9)
  An eye of draining (D:10)
  5 ogres
  A necrophage (D:7)
  2 sky beasts
  A phantom (D:5)
  3 centaurs
  7 bullfrogs
  3 scorpions
  7 wights
  3 killer bees (D:9)
  3 howler monkeys
  2 bullfrog zombies
  A quasit (D:10)
  5 jellies
  8 orc wizards
  9 hounds
  2 centaur skeletons
  5 orc priests
  Jessica (D:2)
  3 iguanas
  6 worker ants
  Robin (D:4)
  7 gnolls
  19 adders
  A shadow imp (D:8)
  4 white imps
  4 oozes
  5 ufetubi
  2 adder zombies
  5 worms
  3 dart slugs
  11 leopard geckos
  39 orcs
  9 bats
  7 giant cockroaches
  18 goblins
  10 hobgoblins
  5 jackals
  2 ball pythons
  3 frilled lizards
  15 kobolds
  2 quokka skeletons
  10 rats
270 creatures vanquished.

Vanquished Creatures (collateral kills)
  A gargoyle (D:10)
  5 yaks (D:9)
  An ice beast (D:10)
  An orc warrior (D:9)
  A big kobold (D:9)
  An orc wizard (D:10)
  A hound zombie (D:8)
  An adder (D:10)
  A white imp (D:9)
  11 orcs
  A kobold (D:9)
25 creatures vanquished.

Vanquished Creatures (others)
  A bullfrog (D:10)
  A wight (D:8)
  An orc wizard (D:10)
  A gnoll (D:8)
  An orc (D:10)
  A goblin (D:3)
  A fungus (Lair:1)
7 creatures vanquished.

Grand Total: 302 creatures vanquished

Notes
Turn   | Place    | Note
-------+----------+-------------------------------------------
     0 | D:1      | Mesmaeker13 the Mummy Necromancer began the quest for the
                  | Orb.
     0 | D:1      | Reached XP level 1. HP: 13/13 MP: 4/4
   398 | D:1      | Reached XP level 2. HP: 19/19 MP: 3/6
  1486 | D:2      | Reached XP level 3. HP: 20/24 MP: 2/7
  1647 | D:2      | Found a runed translucent door.
  1648 | D:2      | Noticed Crazy Yiuf
  1896 | D:2      | Reached XP level 4. HP: 30/30 MP: 4/9
  1991 | D:2      | Noticed Jessica
  1994 | D:2      | Killed Jessica
  2437 | D:2      | Reached XP level 5. HP: 35/35 MP: 8/11
  2548 | D:2      | Found a broken altar of Ashenzari.
  2913 | D:3      | Reached skill level 5 in Necromancy
  2922 | D:3      | Learned a level 3 spell: Vampiric Draining
  3556 | D:3      | Found a shimmering altar of Xom.
  3556 | D:3      | Found a shimmering altar of Xom.
  3557 | D:3      | Found a shimmering altar of Xom.
  3617 | D:3      | Found a shimmering altar of Xom.
  3636 | D:3      | Found a shimmering altar of Xom.
  3743 | D:3      | Found a basalt altar of Yredelemnul.
  3817 | D:3      | Found a glowing golden altar of the Shining One.
  3819 | D:3      | Noticed an angel
  3893 | D:3      | Found a shimmering blue altar of Sif Muna.
  4268 | D:4      | Found a blossoming altar of Fedhas.
  4285 | D:4      | Found Goahotwo's Book Boutique.
  4319 | D:4      | Reached XP level 6. HP: 41/41 MP: 9/13
  4354 | D:4      | Noticed Robin
  4390 | D:3      | Reached skill level 5 in Spellcasting
  4452 | D:4      | Killed Robin
  4946 | D:4      | Found a staircase to the Ecumenical Temple.
  4975 | Temple   | Entered the Ecumenical Temple
  5037 | Temple   | Became a worshipper of Nemelex Xobeh the Trickster
  5088 | D:4      | Found a sacrificial altar of Ru.
  5092 | D:4      | Reached skill level 6 in Necromancy
  5570 | D:4      | Reached XP level 7. HP: 46/46 MP: 6/15
  5631 | D:5      | Entered Level 5 of the Dungeon
  5637 | D:5      | Learned a level 4 spell: Animate Dead
  6092 | D:5      | Reached * piety under Nemelex Xobeh
  6139 | D:5      | Received a gift from Nemelex Xobeh
  6347 | D:5      | Reached skill level 7 in Necromancy
  6733 | D:5      | Found an ornate altar of the Wu Jian Council.
  7031 | D:6      | Found a hazy altar of Hepliaklqana.
  7118 | D:6      | Reached XP level 8. HP: 52/52 MP: 6/17
  7135 | D:6      | Learned a level 5 spell: Agony
  7289 | D:6      | Received a gift from Nemelex Xobeh
  7494 | D:6      | Reached ** piety under Nemelex Xobeh
  7862 | D:6      | Found a broken altar of Ashenzari.
  8039 | D:7      | Reached skill level 1 in Invocations
  8112 | D:7      | Reached skill level 8 in Necromancy
  8426 | D:7      | Found a bloodstained altar of Trog.
  8448 | D:7      | Received a gift from Nemelex Xobeh
  8574 | D:7      | Reached skill level 5 in Dodging
  8865 | D:7      | Found Jinun's Jewellery Boutique.
  9326 | D:7      | Reached XP level 9. HP: 57/57 MP: 12/20
  9606 | D:8      | Reached skill level 9 in Necromancy
  9847 | D:8      | Found an iron altar of Okawaru.
 10345 | D:8      | Found a glowing silver altar of Zin.
 10346 | D:8      | Found an opulent altar of Gozag.
 10547 | D:8      | Found a staircase to the Lair.
 10979 | D:9      | Found an ancient bone altar of Kikubaaqudgha.
 11417 | D:9      | Reached skill level 10 in Necromancy
 11762 | D:9      | Reached XP level 10. HP: 61/63 MP: 19/22
 11830 | D:9      | Found a staircase to the Orcish Mines.
 12176 | D:10     | Entered Level 10 of the Dungeon
 12501 | D:10     | Noticed a gargoyle
 12576 | D:10     | Killed a gargoyle
 12854 | D:10     | Found Byhuach's Magic Scroll Emporium.
 12897 | D:10     | Noticed a two-headed ogre
 12930 | D:10     | Killed a two-headed ogre
 12931 | D:10     | Reached skill level 11 in Necromancy
 12931 | D:10     | Reached skill level 5 in Invocations
 13095 | D:10     | Reached *** piety under Nemelex Xobeh
 13722 | Lair:1   | Entered Level 1 of the Lair of Beasts
 13844 | Lair:1   | Noticed an eight-headed hydra
 13863 | Lair:1   | Shot with an arrow by a centaur

Illustrated notes

Levels and vault maps discovered:
D:1:      erik_arrival_triangle_small, layout_loops_corners,
          chequers_serial_rivers_micro_d
D:2:      layout_loops_ring, general_overflow_altar, nrook_uturn, uniq_jessica,
          uniq_crazy_yiuf_cottage
D:3:      wad_crossroads, layout_rooms, lemuel_blue_sif_altar, xom_redecorated,
          grunt_temple_overflow_holy_war, chequers_serial_rivers_micro_b
D:4:      layout_loops_cross, kennysheep_little_box, fedhas_ov_isle_minmay,
          minmay_temple_entry_enclosed_plants, serial_shops, shop_statue,
          uniq_robin
D:5:      minmay_angry_zag, layout_basic, kennysheep_mini,
          hangedman_abyss_or_decor_lesser_grid, kennysheep_generic_room_2
D:6:      layout_loops_ring, overflow_temple_1_default, basic_altar
D:7:      layout_loops_ring, serial_shops, shop, basic_altar, serial_aquarium,
          aquarium_bridge_square [aquarium_subvault_bridge,
          aquarium_subvault_window, aquarium_subvault_wall,
          aquarium_subvault_bridge], aquarium_bridge_long_joined
          [aquarium_subvault_bridge, aquarium_subvault_bridge,
          aquarium_subvault_wall, aquarium_subvault_bridge,
          aquarium_subvault_window, aquarium_subvault_window],
          aquarium_window_fake, aquarium_window_2, aquarium_window_corner,
          aquarium_window_1, aquarium_view_2e, aquarium_view_2e,
          minmay_misc_feat_hallway
D:8:      layout_layer_cave, grunt_temple_overflow_gold_and_silver,
          okawaru_gym_becter, lair_entry_dummy
D:9:      layout_basic, old_standard_altar, hiddenorc1_lemuel
D:10:     layout_long_grid, serial_shops, shop, chequers_decorated_corner,
          kennysheep_generic_room_6
Temple:   dpeg_three_leaves_temple
Lair:1:   layout_roguey, minivault_19, grunt_megastairs_3, serial_bayou_shore_a,
          minmay_lair_oklob_chamber

Skill      XL: |  1  2  3  4  5  6  7  8  9 10 |
---------------+-------------------------------+-----
Spellcasting   | 3 4 5 6 7 8 9 |  9.6
Dodging        | 2 3 4 5 6 |  6.6
Necromancy     | 5 6 7 8 10 11 | 11.1
Invocations    | 2 4 5 |  5.1
Stealth        | |  1.5
Shields        | |  0.1

Action                   |  1- 3 |  4- 6 |  7- 9 | 10-12 || total
-------------------------+-------+-------+-------+-------++-------
Melee: Short sword       |    18 |    50 |     8 |       ||    76
       Dagger            |     6 |       |       |       ||     6
       Trident           |       |       |   223 |    87 ||   310
 Cast: Pain              |    63 |   173 |   174 |    46 ||   456
       Vampiric Draining |       |     2 |    46 |    13 ||    61
       Animate Dead      |       |       |     4 |     4 ||     8
Invok: Draw Destruction  |       |       |     3 |       ||     3
       Draw Summoning    |       |       |       |     5 ||     5
       Draw Escape       |       |       |       |     1 ||     1
Evoke: Wand              |       |       |    38 |     7 ||    45
  Use: Scroll            |       |     6 |     4 |     1 ||    11
 Stab: Sleeping          |       |       |     3 |       ||     3
       Distracted        |       |       |     4 |       ||     4
       Paralysed         |       |       |     8 |       ||     8
Armor: Robe              |    10 |    27 |    98 |    34 ||   169
Dodge: Dodged            |    26 |    79 |   288 |   127 ||   520

Table legend: (Time is in decaauts)
 A = Elapsed time spent in this place.
 B = Non-inter-level travel time spent in this place.
 C = Inter-level travel time spent in this place.
 D = Time resting spent in this place.
 E = Time spent auto-exploring this place.
 F = Levels seen in this place.
 G = Mean time per level.
                   A        B        C        D        E       F      G
               +--------+--------+--------+--------+--------+-----+--------+
         Total |  13972 |  13363 |    609 |   3342 |   7814 |  12 | 1164.3 |
       Dungeon |  13758 |  13157 |    601 |   3324 |   7687 |  10 | 1375.8 |
        Temple |     71 |     63 |      8 |      0 |     56 |   1 |   71.0 |
          Lair |    141 |    141 |      0 |     18 |     71 |   1 |  141.0 |
               +--------+--------+--------+--------+--------+-----+--------+

Top non-repeatable levels by time:
     D:7: 1637 daAuts
    D:10: 1492 daAuts
     D:1: 1471 daAuts
     D:9: 1440 daAuts
     D:2: 1438 daAuts
     D:3: 1413 daAuts
     D:4: 1242 daAuts
     D:8: 1208 daAuts
     D:6: 1208 daAuts
     D:5: 1203 daAuts
  Lair:1: 141 daAuts
  Temple: 71 daAuts
